NYP
WILLIAMSPORT CROSSCUTTERS @ AUBURN DOUBLEDAYS
08/18/2046
 
TOP OF THE 1ST
Williamsport Crosscutters batting - Pitching for Auburn Doubledays : RHP Jayden Taylor
Pitching: RHP Jayden Taylor
Batting: LHB Brent Dutcher 0-0: Ball
1-0: Called Strike
1-1: Swinging Strike
1-2: Foul Ball, location: 2F
1-2: Strikes out swinging
Batting: RHB Robby Adair 0-0: SINGLE (Groundball, 6MD, EV 101.9 MPH)
Batting: RHB Tak-keung Chieu 0-0: Ball
1-0: Called Strike
1-1: Ball
2-1: Foul Ball, location: 2F
2-2: Foul Ball, location: 2F
2-2: Strikes out looking
Batting: LHB Matt Calitri 0-0: Called Strike
Robby Adair is caught stealing 2nd base 2-6
Top of the 1st over - 0 runs, 1 hit, 0 errors, 0 left on base; Williamsport 0 - Auburn 0
BOTTOM OF THE 1ST
Auburn Doubledays batting - Pitching for Williamsport Crosscutters : RHP Mokichi Furuta
Pitching: RHP Mokichi Furuta
Batting: RHB Leo Gutierrez 0-0: Ball
1-0: Bunt missed!
1-1: Ball
2-1: Called Strike
2-2: Strikes out swinging
Batting: RHB Gabe Almazan 0-0: Foul Ball, location: 2F
0-1: Called Strike
0-2: Ball
1-2: Ball
2-2: Foul Ball, location: 2F
2-2: DOUBLE (Line Drive, 9LS, EV 100.6 MPH)
Batting: RHB Deshawn Boseman 0-0: Ball
1-0: Ball
2-0: Foul Ball, location: 2F
2-1: Foul Ball, location: 2F
2-2: Foul Ball, location: 2F
2-2: Ball
3-2: Foul Ball, location: 2F
3-2: Base on Balls
Batting: LHB Erik Beezley 0-0: Called Strike
0-1: Swinging Strike
0-2: Ball
1-2: Foul Ball, location: 2F
1-2: Ball
2-2: Strikes out swinging
Batting: RHB Antonio Vallez 0-0: Fly out, F8 (Flyball, 8LD, EV 95.0 MPH)
Bottom of the 1st over - 0 runs, 1 hit, 0 errors, 2 left on base; Williamsport 0 - Auburn 0
TOP OF THE 2ND
Williamsport Crosscutters batting - Pitching for Auburn Doubledays : RHP Jayden Taylor
Batting: LHB Matt Calitri 0-0: DOUBLE (Line Drive, 9LM, EV 113.1 MPH)
Batting: RHB Josh Baker 0-0: Swinging Strike
0-1: Ball
1-1: Called Strike
1-2: Ball
2-2: Ball
3-2: Strikes out swinging
Batting: RHB Phil Knox 0-0: Ball
1-0: Called Strike
1-1: Swinging Strike
1-2: Ground out 6-3 (Groundball, 6, EV 87.5 MPH)
Matt Calitri to third
Batting: RHB Leon Edwards 0-0: Foul Ball, location: 2F
0-1: SINGLE (Flyball, 3D, EV 93.1 MPH)
Matt Calitri scores
Batting: RHB Jeremy Mercer 0-0: Foul Ball, location: 2F
0-1: Called Strike
0-2: Ball
1-2: Ball
2-2: TRIPLE (Flyball, 89XD, EV 90.0 MPH)
Leon Edwards scores
Batting: RHB Marcus Carter 0-0: Called Strike
0-1: Ground out 3-1 (Groundball, 3L, EV 105.6 MPH)
Top of the 2nd over - 2 runs, 3 hits, 0 errors, 1 left on base; Williamsport 2 - Auburn 0
BOTTOM OF THE 2ND
Auburn Doubledays batting - Pitching for Williamsport Crosscutters : RHP Mokichi Furuta
Batting: LHB Elias Posada 0-0: Foul Ball, location: 2F
0-1: Swinging Strike
0-2: Strikes out swinging
Batting: RHB Tony Madrigal 0-0: Ball
1-0: Foul Ball, location: 2F
1-1: DOUBLE (Line Drive, 89XD, EV 100.0 MPH)
Batting: RHB Chris Pynn 0-0: SINGLE (Line Drive, 8LS, EV 93.1 MPH)
Tony Madrigal to third
Batting: RHB Sentos Alatas 0-0: Foul Ball, location: 2F
0-1: Grounds into double play, 6-4-3 (Groundball, 6, EV 83.8 MPH)
Bottom of the 2nd over - 0 runs, 2 hits, 0 errors, 1 left on base; Williamsport 2 - Auburn 0
TOP OF THE 3RD
Williamsport Crosscutters batting - Pitching for Auburn Doubledays : RHP Jayden Taylor
Batting: LHB Brent Dutcher 0-0: Ball
1-0: SINGLE (Groundball, P, EV 85.6 MPH) (infield hit)
Batting: RHB Robby Adair 0-0: Ball
1-0: Called Strike
Brent Dutcher is caught stealing 2nd base 2-4
1-1: Foul Ball, location: 2F
1-2: Ground out 4-3 (Groundball, 4, EV 106.9 MPH)
Batting: RHB Tak-keung Chieu 0-0: Called Strike
0-1: Ball
1-1: Ball
2-1: Foul Ball, location: 2F
2-2: Ball
3-2: Fly out, F4 (Popup, 34, EV 59.4 MPH)
Top of the 3rd over - 0 runs, 1 hit, 0 errors, 0 left on base; Williamsport 2 - Auburn 0
BOTTOM OF THE 3RD
Auburn Doubledays batting - Pitching for Williamsport Crosscutters : RHP Mokichi Furuta
Batting: RHB Leo Gutierrez 0-0: Called Strike
0-1: Ground out U3 (Groundball, 34, EV 86.2 MPH)
Batting: RHB Gabe Almazan 0-0: Called Strike
0-1: Ball
1-1: Ball
2-1: Fly out, F7 (Flyball, 7LM, EV 77.5 MPH)
Batting: RHB Deshawn Boseman 0-0: Ball
1-0: Called Strike
1-1: Fly out, F7 (Flyball, 78S, EV 89.4 MPH)
Bottom of the 3rd over - 0 runs, 0 hits, 0 errors, 0 left on base; Williamsport 2 - Auburn 0
TOP OF THE 4TH
Williamsport Crosscutters batting - Pitching for Auburn Doubledays : RHP Jayden Taylor
Batting: LHB Matt Calitri 0-0: SINGLE (Flyball, 7S, EV 89.4 MPH)
Batting: RHB Josh Baker 0-0: Called Strike
0-1: Ball
1-1: Ball
2-1: Foul Ball, location: 2F
2-2: Strikes out swinging
Batting: RHB Phil Knox 0-0: Foul Ball, location: 2F
0-1: Ball
1-1: Ball
2-1: Ball
3-1: Called Strike
3-2: Ground out 1-3 (Groundball, 34S, EV 68.8 MPH)
Matt Calitri to second
Batting: RHB Leon Edwards 0-0: Ball
1-0: Ground out 5-3 (Groundball, 56S, EV 81.9 MPH)
Top of the 4th over - 0 runs, 1 hit, 0 errors, 1 left on base; Williamsport 2 - Auburn 0
BOTTOM OF THE 4TH
Auburn Doubledays batting - Pitching for Williamsport Crosscutters : RHP Mokichi Furuta
Batting: LHB Erik Beezley 0-0: Ball
1-0: Ground out 4-3 (Groundball, 4, EV 80.6 MPH)
Batting: RHB Antonio Vallez 0-0: Called Strike
0-1: Ball
1-1: Foul Ball, location: 2F
1-2: Foul Ball, location: 2F
1-2: Strikes out swinging
Batting: LHB Elias Posada 0-0: Called Strike
0-1: Ball
1-1: Swinging Strike
1-2: Strikes out looking
Bottom of the 4th over - 0 runs, 0 hits, 0 errors, 0 left on base; Williamsport 2 - Auburn 0
TOP OF THE 5TH
Williamsport Crosscutters batting - Pitching for Auburn Doubledays : RHP Jayden Taylor
Batting: RHB Jeremy Mercer 0-0: Ball
1-0: Ball
2-0: Called Strike
2-1: Ball
3-1: Called Strike
3-2: Foul Ball, location: 2F
3-2: Base on Balls
Batting: RHB Marcus Carter 0-0: Called Strike
0-1: Ball
1-1: Called Strike
1-2: Ball
2-2: Ball
3-2: Base on Balls
Jeremy Mercer to second
Pitching: RHP John Kovach
Batting: LHB Brent Dutcher 0-0: Swinging Strike
0-1: Foul Ball, location: 2F
0-2: Ball
1-2: Foul Ball, location: 2F
1-2: DOUBLE (Groundball, 3L, EV 108.8 MPH)
Jeremy Mercer scores
Marcus Carter to third
Batting: RHB Robby Adair 0-0: Ball
1-0: Swinging Strike
1-1: Ball
2-1: Foul Ball, location: 2F
2-2: Strikes out looking
Batting: RHB Tak-keung Chieu 0-0: Called Strike
0-1: Foul Ball, location: 2F
0-2: Fly out, F9 (Flyball, 89D, EV 103.8 MPH)
Runner from 3rd tags up, SCORES, no throw by RF
Brent Dutcher to third
Batting: LHB Matt Calitri 0-0: Ball
1-0: Swinging Strike
1-1: Swinging Strike
1-2: Ball
2-2: Ball
3-2: Strikes out swinging, 2-3 out at first.
Top of the 5th over - 2 runs, 1 hit, 0 errors, 1 left on base; Williamsport 4 - Auburn 0
BOTTOM OF THE 5TH
Auburn Doubledays batting - Pitching for Williamsport Crosscutters : RHP Mokichi Furuta
Batting: RHB Tony Madrigal 0-0: Ball
1-0: Ball
2-0: Ball
3-0: Called Strike
3-1: Base on Balls
Batting: RHB Chris Pynn 0-0: Called Strike
0-1: Ball
1-1: Foul Ball, location: 2F
1-2: SINGLE (Groundball, 34, EV 85.0 MPH) (infield hit)
Tony Madrigal to second
Batting: RHB Sentos Alatas 0-0: Called Strike
0-1: Fielders Choice at 2nd, 3-6 (Groundball, 34S, EV 83.8 MPH)
Tony Madrigal to third
Batting: RHB Leo Gutierrez 0-0: Ball
Sentos Alatas is caught stealing 2nd base 2-4
1-0: Foul Ball, location: 2F
1-1: Called Strike
1-2: Ground out 5-3 (Groundball, 5, EV 86.2 MPH)
Bottom of the 5th over - 0 runs, 1 hit, 0 errors, 1 left on base; Williamsport 4 - Auburn 0
TOP OF THE 6TH
Williamsport Crosscutters batting - Pitching for Auburn Doubledays : RHP John Kovach
Batting: RHB Josh Baker 0-0: Ball
1-0: Foul Ball, location: 2F
1-1: Swinging Strike
1-2: Strikes out looking
Batting: RHB Phil Knox 0-0: Ball
1-0: Called Strike
1-1: Swinging Strike
1-2: Ball
2-2: Foul Ball, location: 2F
2-2: Foul Ball, location: 2F
2-2: Fly out, F8 (Flyball, 78M, EV 85.6 MPH)
Batting: RHB Leon Edwards 0-0: Foul Ball, location: 2F
0-1: Ground out 4-3 (Groundball, 4, EV 106.9 MPH)
Top of the 6th over - 0 runs, 0 hits, 0 errors, 0 left on base; Williamsport 4 - Auburn 0
BOTTOM OF THE 6TH
Auburn Doubledays batting - Pitching for Williamsport Crosscutters : RHP Mokichi Furuta
Batting: RHB Gabe Almazan 0-0: Ball
1-0: Called Strike
1-1: Ground out 6-3 (Groundball, 6, EV 80.6 MPH)
Batting: RHB Deshawn Boseman 0-0: Ball
1-0: SINGLE (Groundball, 6MS, EV 77.5 MPH) (infield hit)
Batting: LHB Erik Beezley 0-0: Fly out, F8 (Flyball, 78D, EV 73.8 MPH)
Batting: RHB Antonio Vallez 0-0: Called Strike
0-1: Called Strike
0-2: Ball
1-2: Strikes out looking
Bottom of the 6th over - 0 runs, 1 hit, 0 errors, 1 left on base; Williamsport 4 - Auburn 0
TOP OF THE 7TH
Williamsport Crosscutters batting - Pitching for Auburn Doubledays : RHP John Kovach
Batting: RHB Jeremy Mercer 0-0: Foul Ball, location: 2F
0-1: Called Strike
0-2: Ground out 3-1 (Groundball, 34S, EV 81.9 MPH)
Batting: RHB Marcus Carter 0-0: Foul Ball, location: 2F
0-1: Foul Ball, location: 2F
0-2: Ball
1-2: Ball
2-2: Ball
3-2: Foul Ball, location: 2F
3-2: Base on Balls
Pitching: LHP Gregg Huddleston
Batting: LHB Brent Dutcher 0-0: Called Strike
0-1: Fielders Choice at 2nd, 2-6 (Groundball, 2R, EV 71.9 MPH)
Batting: RHB Robby Adair 0-0: Called Strike
0-1: SINGLE (Groundball, 4MD, EV 101.2 MPH)
Brent Dutcher to second
Batting: RHB Tak-keung Chieu 0-0: Ball
Passed Ball!
Brent Dutcher to third
Robby Adair to second
1-0: Swinging Strike
1-1: Fly out, F6 (Popup, 6, EV 67.5 MPH)
Top of the 7th over - 0 runs, 1 hit, 0 errors, 2 left on base; Williamsport 4 - Auburn 0
BOTTOM OF THE 7TH
Auburn Doubledays batting - Pitching for Williamsport Crosscutters : RHP Mokichi Furuta
Batting: LHB Elias Posada 0-0: Ball
1-0: Ball
2-0: Ball
3-0: Base on Balls
Batting: RHB Tony Madrigal 0-0: Called Strike
0-1: Ball
1-1: Called Strike
Elias Posada steals 2nd base
1-2: Ball
2-2: Ball
3-2: Ground out 6-3 (Groundball, 6, EV 82.5 MPH)
Batting: RHB Chris Pynn 0-0: Swinging Strike
0-1: Ball
1-1: Swinging Strike
1-2: Ground out 1-3 (Groundball, 15S, EV 71.2 MPH)
Batting: RHB Sentos Alatas 0-0: Ball
Wild Pitch!
Elias Posada to third
1-0: Swinging Strike
1-1: Swinging Strike
1-2: Strikes out swinging
Bottom of the 7th over - 0 runs, 0 hits, 0 errors, 1 left on base; Williamsport 4 - Auburn 0
TOP OF THE 8TH
Williamsport Crosscutters batting - Pitching for Auburn Doubledays : LHP Gregg Huddleston
Batting: LHB Matt Calitri 0-0: Swinging Strike
0-1: Ball
1-1: Ball
2-1: SINGLE (Flyball, 3D, EV 86.2 MPH)
Batting: RHB Josh Baker 0-0: TRIPLE (Flyball, 78XD, EV 96.9 MPH)
Matt Calitri scores
Batting: RHB Phil Knox 0-0: Ball
1-0: Ground out 5-3 (Groundball, 56, EV 86.9 MPH)
Josh Baker scores
Batting: RHB Leon Edwards 0-0: Ball
1-0: Ball
2-0: Foul Ball, location: 2F
2-1: Ball
3-1: Ground out 5-3 (Groundball, 56, EV 105.6 MPH)
Batting: RHB Jeremy Mercer 0-0: Ball
1-0: Called Strike
1-1: Foul Ball, location: 2F
1-2: Strikes out swinging
Top of the 8th over - 2 runs, 2 hits, 0 errors, 0 left on base; Williamsport 6 - Auburn 0
BOTTOM OF THE 8TH
Auburn Doubledays batting - Pitching for Williamsport Crosscutters : RHP Mokichi Furuta
Pitching: RHP Todd Cox
Batting: RHB Leo Gutierrez 0-0: Called Strike
0-1: Swinging Strike
0-2: Ball
1-2: Strikes out swinging
Batting: RHB Gabe Almazan 0-0: Ball
1-0: Swinging Strike
1-1: Ball
2-1: Called Strike
2-2: Foul Ball, location: 2F
2-2: Strikes out swinging
Batting: RHB Deshawn Boseman 0-0: Foul Ball, location: 2F
0-1: Foul Ball, location: 2F
0-2: Ball
1-2: Ball
2-2: Ground out 5-3 (Groundball, 56, EV 83.1 MPH)
Bottom of the 8th over - 0 runs, 0 hits, 0 errors, 0 left on base; Williamsport 6 - Auburn 0
TOP OF THE 9TH
Williamsport Crosscutters batting - Pitching for Auburn Doubledays : LHP Gregg Huddleston
Batting: RHB Marcus Carter 0-0: SINGLE (Groundball, 56D, EV 104.4 MPH)
Batting: LHB Brent Dutcher 0-0: Ball
1-0: SINGLE (Flyball, 89S, EV 91.2 MPH)
Marcus Carter to second
Runner from 2nd tries for 3rd, SAFE, throw by RF made to third
Pitching: LHP Johnny Busse
Batting: RHB Robby Adair 0-0: Ball
1-0: Ball
2-0: Called Strike
2-1: Called Strike
2-2: Ball
3-2: SINGLE (Popup, 6D, EV 48.8 MPH)
Marcus Carter scores
Brent Dutcher to second
Pinch Hitting: RHB Jeff Cornett 0-0: Ball
1-0: Called Strike
1-1: Ball
2-1: Foul Ball, location: 2F
2-2: SINGLE (Groundball, 4MD, EV 93.1 MPH) (infield hit)
Brent Dutcher to third
Robby Adair to second
Batting: LHB Matt Calitri 0-0: Ball
1-0: Swinging Strike
1-1: Ball
2-1: Ball
3-1: Base on Balls
Brent Dutcher scores
Robby Adair to third
Jeff Cornett to second
Pinch Hitting: RHB Aaron Lind 0-0: Ball
1-0: Foul Ball, location: 2F
1-1: Ball
2-1: Ball
3-1: Base on Balls
Robby Adair scores
Jeff Cornett to third
Matt Calitri to second
Batting: RHB Phil Knox 0-0: Ball
1-0: Called Strike
1-1: Grounds into double play, 6-4-3 (Groundball, 6, EV 89.4 MPH)
Jeff Cornett scores
Matt Calitri to third
Pinch Hitting: SHB Ryohei Nakano 0-0: Called Strike
0-1: Swinging Strike
0-2: Ball
1-2: Foul Ball, location: 2F
1-2: Ball
2-2: Foul Ball, location: 2F
2-2: Foul Ball, location: 2F
2-2: Ball
3-2: Foul Ball, location: 2F
3-2: Foul Ball, location: 2F
3-2: Foul Ball, location: 2F
3-2: Ground out 3-1 (Groundball, 34S, EV 81.2 MPH)
Top of the 9th over - 4 runs, 4 hits, 0 errors, 1 left on base; Williamsport 10 - Auburn 0
BOTTOM OF THE 9TH
Auburn Doubledays batting - Pitching for Williamsport Crosscutters : RHP Todd Cox
Now at C: Aaron Lind
Now at 2B: Ryohei Nakano
Now in CF: Jeff Cornett
Now in RF: Matt Calitri
Pinch Hitting: SHB Gabe Fraunfelder 0-0: Called Strike
0-1: Swinging Strike
0-2: Ball
1-2: Ball
2-2: Foul Ball, location: 2F
2-2: SOLO HOME RUN (Flyball, 89XD, EV 109.4 MPH), Distance : 428 ft
Batting: RHB Antonio Vallez 0-0: Foul Ball, location: 2F
0-1: Ball
1-1: Foul Ball, location: 2F
1-2: Foul Ball, location: 2F
1-2: Fly out, F6 (Line Drive, 6, EV 71.2 MPH)
Batting: LHB Elias Posada 0-0: Ball
1-0: Ball
2-0: Foul Ball, location: 2F
2-1: Foul Ball, location: 2F
2-2: Ball
3-2: Base on Balls
Batting: RHB Tony Madrigal 0-0: Swinging Strike
0-1: Ball
1-1: Ball
2-1: Foul Ball, location: 2F
2-2: Strikes out swinging
Batting: RHB Chris Pynn 0-0: Ball
1-0: Fly out, F7 (Line Drive, 7D, EV 101.9 MPH)
Bottom of the 9th over - 1 run, 1 hit, 0 errors, 1 left on base; Williamsport 10 - Auburn 1
Tuesday, September 13th , 2022 - OOTP Baseball 23.7 Build 88